 Dungeon Crawl Stone Soup version 0.24.0-125-gc4c63601f3 (webtiles) character file.

Game seed: 11267755195000359949, levelgen mode: deterministic

43 nightchill the Poker (level 3, -1/30 HPs)
             Began as a Merfolk Abyssal Knight on Feb 23, 2020.
             Was a Believer of Lugonu.
             Slain by a giant cockroach (2 damage)
             ... on level 2 of the Dungeon.
             The game lasted 00:05:06 (1782 turns).

nightchill the Poker (Merfolk Abyssal Knight)       Turns: 1782, Time: 00:05:06

Health: -1/30      AC:  5    Str: 18    XL:     3   Next: 58%
Magic:  4/4        EV: 12    Int: 11    God:    Lugonu [**....]
Gold:   138        SH:  0    Dex: 13    Spells: 2/2 levels left

rFire    . . .     SeeInvis .   a - +1 spear
rCold    . . .     Gourm    .   (no shield)
rNeg     . . .     Faith    .   b - +0 leather armour
rPois    .         Spirit   .   i - +0 helmet
rElec    .         Reflect  .   (no cloak)
rCorr    .         Harm     .   (no gloves)
MR       .....                  q - +0 pair of boots
Stlth    +.........             (no amulet)
HPRegen  0.10/turn              (no ring)
MPRegen  0.09/turn              (no ring)

@: mighty
A: change form in water, swift swim, stealthy swim
a: Depart the Abyss, Bend Space, Renounce Religion


You were on level 2 of the Dungeon.
You worshipped Lugonu.
Lugonu was pleased with you.
You were hungry.

You visited 1 branch of the dungeon, and saw 3 of its levels.
You visited the Abyss 1 time.

You collected 138 gold pieces.

Inventory:

Hand Weapons
 a - a +1 spear (weapon)
 m - a +0 hunting sling
Missiles
 g - 39 sling bullets
 k - 46 stones (quivered)
Armour
 b - a +0 leather armour (worn)
 i - a +0 helmet (worn)
 q - a +0 pair of boots (worn)
Jewellery
 d - a cursed ring of teleportation {unknown}
 h - an uncursed ring of positive energy {unknown}
Scrolls
 j - 3 scrolls of teleportation {unknown}
 l - a scroll of immolation {unknown}
 n - 4 scrolls of identify {unknown}
 p - a scroll of enchant weapon {unknown}
 r - a scroll of remove curse {unknown}
Potions
 e - a potion of curing {unknown}
 f - 2 potions of might
Comestibles
 c - 9 rations


   Skills:
 + Level 3.7 Fighting
 * Level 4.5 Polearms
 - Level 0.6 Armour
 - Level 2.6 Dodging
 + Level 2.5 Invocations


You had 2 spell levels left.
You didn't know any spells.
Your spell library was empty.

Dungeon Overview and Level Annotations

Branches:
Dungeon (3/15)

Altars:

Annotations:
D:1 exclusion: downstairs
D:2 illyd para, Ijyb, Terence


Message History

Okay, then.
It was a potion of might.
You feel very mighty all of a sudden.
The giant cockroach bites you but does no damage.
Terence closely misses you.
You closely miss Terence.
Terence is heavily wounded.
The giant cockroach bites you but does no damage.
You hit Terence.
Terence is severely wounded.
The giant cockroach closely misses you. Terence barely misses you.
You barely miss Terence.
Terence is severely wounded.
The giant cockroach bites you.
* * * LOW HITPOINT WARNING * * *
Terence barely misses you.
You closely miss Terence.
Terence is severely wounded.
The giant cockroach bites you.
You die...

#.####.##.#...# #.# #.# #.# #.#
#.##.##### #.# #.# #.# #.#
#.##.....# #.# #.# #.# #.#
#.######.# #.# #.# #.# #.# #.#
#.# #.# #.# #.# #.# #.# #.# #.#
#.# #.# #.# #.# #.# #.# #.# #.#
#.# #.######.####.######.####.#
##.####........@@.........>.....#
........#####.#s....######......#
##......# ##.###### ####.#..
######## ### #...# #####


You could see Terence and a giant cockroach.

Vanquished Creatures
  2 dart slugs (D:1)
  3 leopard geckos
  4 bats
  3 giant cockroaches
  A quokka (D:2)
  2 ball pythons
  4 frilled lizards
  9 goblins
  3 kobolds
  5 rats
36 creatures vanquished.

Vanquished Creatures (others)
  4 toadstools (D:1)
4 creatures vanquished.

Grand Total: 40 creatures vanquished

Notes
Turn   | Place    | Note
-------+----------+-------------------------------------------
     0 | Abyss:1  | nightchill the Merfolk Abyssal Knight began the quest for
                  | the Orb.
     0 | Abyss:1  | Reached XP level 1. HP: 18/18 MP: 2/2
    11 | D:1      | Escaped the Abyss
   196 | D:1      | Reached XP level 2. HP: 24/24 MP: 3/3
   407 | D:1      | Reached skill level 4 in Polearms
   711 | D:1      | Reached ** piety under Lugonu
   855 | D:2      | Reached XP level 3. HP: 29/29 MP: 4/4
   992 | D:2      | Noticed Ijyb
  1763 | D:3      | Noticed Terence
  1781 | D:2      | HP: 1/30 [giant cockroach (2)]
  1782 | D:2      | Slain by a giant cockroach

Levels and vault maps discovered:
D:1:      ldierk_water_garden, layout_loops_ring
D:2:      kennysheep_the_goblin_king, layout_loops_ring, first_ration,
          serial_park_tiny_pond
D:3:      layout_loops_cross, minmay_misc_feat_plants, bloody_trog, uniq_terence

Skill      XL: |  1  2 |
---------------+-------+-----
Polearms       | 4 |  4.5
Fighting       | |  3.7
Armour         | |  0.6
Dodging        | |  2.6
Invocations    | |  2.5

Action                   || total
-------------------------++-------
Melee: Spear             ||   130
  Use: Potion            ||     1
 Stab: Sleeping          ||     1
  Eat: Chunk             ||     2
Armor: Leather armour    ||    26
Dodge: Dodged            ||    61
